 Dungeon Crawl Stone Soup version 0.27.1-34-g3ba077fa99 (webtiles) character file.

Game seed: 3738177090180016358

311 cbfl8 the Sneak (level 6, -3/53 HPs)
             Began as a Minotaur Delver on Jan 16, 2022.
             Was a Follower of Yredelemnul.
             Succumbed to Ijyb's poison
             ... on level 4 of the Dungeon.
             The game lasted 00:11:12 (5198 turns).

cbfl8 the Sneak (Minotaur Delver)                   Turns: 5198, Time: 00:11:12

Health: -3/53      AC: 17    Str: 17    XL:     6   Next: 18%
Magic:  5/5        EV: 10    Int: 11    God:    Yredelemnul [*.....]
Gold:   94         SH:  0    Dex: 11    Spells: 5/5 levels left

rFire    . . .     SeeInvis .   n - +2 dagger (protect)
rCold    . . .     Faith    .   (no shield)
rNeg     . . .     Spirit   .   s - +4 scale mail {rPois}
rPois    +         Reflect  .   (helmet restricted)
rElec    .         Harm     .   (no cloak)
rCorr    .         Rampage  .   (no gloves)
Will     .....                  (no boots)
Stlth    +.........             (no amulet)
HPRegen  0.17/turn              l - ring of wizardry
MPRegen  0.09/turn              (no ring)

@: lethally poisoned (-3 -> -23), under a protective aura
A: horns 2, retaliatory headbutt, clever 1, evolution 1
a: Renounce Religion, Animate Remains


You were on level 4 of the Dungeon.
You worshipped Yredelemnul.
Yredelemnul was aware of your devotion.
You visited 2 branches of the dungeon, and saw 6 of its levels.

You collected 94 gold pieces.

Inventory:

Hand Weapons
 a - a +0 hand axe
 n - a +2 dagger of protection (weapon)
 q - a +0 longbow
Missiles
 r - 30 bolts
Armour
 b - a +0 leather armour
 s - a +4 scale mail of poison resistance (worn)
Jewellery
 l - a ring of wizardry (left hand)
Wands
 g - a wand of digging (3)
Scrolls
 c - 2 scrolls of fog
 d - a scroll of magic mapping
 e - 2 scrolls of fear
 j - a scroll of teleportation
 k - a scroll of noise {unknown}
 m - a scroll of summoning {unknown}
 o - a scroll of enchant weapon {unknown}
 t - 2 scrolls of brand weapon {unknown}
Potions
 f - a potion of haste
 h - a potion of brilliance {unknown}
 i - 2 potions of heal wounds {unknown}
 p - a potion of mutation


   Skills:
 + Level 4.5 Fighting
 + Level 2.0 Short Blades
 + Level 2.7 Axes
 + Level 3.3 Armour
 + Level 3.1 Dodging
 + Level 5.2 Stealth
 + Level 1.0 Invocations


You had 5 spell levels left.
You didn't know any spells.
Your spell library contained the following spells:

 Spells                   Type           Power      Damage    Failure   Level
 Static Discharge         Conj/Air       0%         N/A       54%         2
 Dispel Undead            Necr           0%         3d6       98%         4
 Sticky Flame             Conj/Fire      0%         2d3       98%         4


Dungeon Overview and Level Annotations

Branches:
Dungeon (5/15)             Temple (1/1) D:5

Altars:
Ashenzari
Cheibriados
Elyvilon
Hepliaklqana
Kikubaaqudgha
Makhleb
Okawaru
Qazlal
Ru
Vehumet
Wu Jian
Yredelemnul
Zin
The Shining One

Annotations:
D:4 Dowan, Duvessa, Ijyb


Innate Abilities, Weirdness & Mutations

You have a pair of horns on your head.
You reflexively headbutt those who attack you in melee.
Your mind is acute. (Int +2)
You evolve.


Message History

You closely miss Ijyb.
Ijyb is severely wounded.
You feel sick. Ijyb closely misses you.
You hit Ijyb but do no damage. Your headbutt misses Ijyb.
Ijyb is severely wounded.
You feel sick.
You closely miss Ijyb.
Ijyb is severely wounded.
You feel sick. Ijyb hits you but does no damage.
You are lethally poisoned!
You hit Ijyb but do no damage. You headbutt Ijyb, but do no damage.
Ijyb is severely wounded.
* * * LOW HITPOINT WARNING * * *
You feel very sick.
Ijyb zaps a wand.
The puff of flame misses you.
You hit Ijyb but do no damage. Your headbutt misses Ijyb.
Ijyb is severely wounded.
* * * LOW HITPOINT WARNING * * *
You feel very sick. Ijyb barely misses you.
You barely miss Ijyb.
Ijyb is severely wounded.
* * * LOW HITPOINT WARNING * * *
You feel sick. Ijyb closely misses you. You furiously retaliate!
You headbutt Ijyb, but do no damage. You hit Ijyb. Your headbutt misses Ijyb.
Ijyb is almost dead.
* * * LOW HITPOINT WARNING * * *
You feel sick. Ijyb hits you but does no damage.
You are more poisoned.
You hit Ijyb. Your headbutt misses Ijyb.
Ijyb is almost dead.
* * * LOW HITPOINT WARNING * * *
You feel very sick. Ijyb hits you but does no damage.
You are more poisoned.
You closely miss Ijyb.
Ijyb is almost dead.
You die...
Your body rises from the dead as a mindless zombie.

##....<# #...#
###......#########
##....>...........
..........# #####
##........# #...#
..........# #...#
.#........# #...#
.#........# #...#
..###.....# #..@#
#.##..###.####..g#
#....## #........#
###..#
###..#..#######
#### #............
#.≈≈≈≈≈.≈≈≈≈.
#.≈≈≈≈g.≈≈≈≈.
#.≈≈≈≈≈.≈≈≈≈.
#.≈≈≈≈≈.≈≈≈≈$


You could see Ijyb.

Vanquished Creatures
  Sigmund (D:3)
  Terence (D:2)
  5 gnolls
  2 adders (D:2)
  A worm (D:2)
  A dart slug (D:2)
  An orc (D:5)
  4 ball pythons
  12 endoplasms
  3 giant cockroaches
  2 hobgoblins
  A kobold (D:2)
  3 quokkas
  4 bats
  2 frilled lizards (D:3)
  9 goblins
  4 rats
56 creatures vanquished.

Vanquished Creatures (collateral kills)
  A gnoll (D:3)
  A frilled lizard (D:2)
  A rat (D:3)
3 creatures vanquished.

Vanquished Creatures (others)
  A ball python zombie (D:3)
1 creature vanquished.

Grand Total: 60 creatures vanquished

Notes
Turn   | Place    | Note
-------+----------+-------------------------------------------
     0 | D:5      | cbfl8 the Minotaur Delver began the quest for the Orb.
     0 | D:5      | Reached XP level 1. HP: 19/19 MP: 0/0
    13 | D:5      | Found a staircase to the Ecumenical Temple.
    24 | Temple   | Entered the Ecumenical Temple
    57 | Temple   | Became a worshipper of Yredelemnul the Dark
   462 | D:3      | Reached XP level 2. HP: 13/27 MP: 1/1
   666 | D:2      | Found a faded altar of an unknown god.
   963 | D:1      | Reached XP level 3. HP: 33/33 MP: 2/2
  1915 | D:2      | Noticed Terence
  2019 | D:2      | Gained mutation: Your mind is acute. (Int +2) [potion of
                  | mutation]
  2019 | D:2      | Gained mutation: Your magical capacity is low. (-10% MP)
                  | [potion of mutation]
  2019 | D:2      | Gained mutation: You evolve. [potion of mutation]
  2469 | D:2      | Lost mutation: Your magical capacity is low. (-10% MP)
                  | [evolution]
  2472 | D:2      | Reached skill level 1 in Armour
  2602 | D:2      | Found a sacrificial altar of Ru.
  2612 | D:2      | Reached * piety under Yredelemnul
  2980 | D:2      | Killed Terence
  2981 | D:2      | Reached XP level 4. HP: 34/40 MP: 3/3
  3253 | D:2      | Reached skill level 5 in Stealth
  4080 | D:3      | Reached XP level 5. HP: 38/46 MP: 4/4
  4084 | D:3      | Reached skill level 1 in Short Blades
  4212 | D:3      | Noticed Sigmund
  4235 | D:3      | Killed Sigmund
  4236 | D:3      | Reached skill level 1 in Invocations
  4236 | D:3      | Reached XP level 6. HP: 51/53 MP: 5/5
  5066 | D:4      | Noticed Dowan
  5070 | D:4      | Noticed Duvessa
  5161 | D:4      | Noticed Ijyb
  5197 | D:4      | HP: 1/53 [poisoned by Ijyb]
  5198 | D:4      | Succumbed to Ijyb's poison

Illustrated notes

Levels and vault maps discovered:
D:1:      mrwooster_arrival_statue, layout_basic
D:2:      minmay_angry_zag, layout_loops_ring, basic_altar,
          ebering_ecumenical_altar_abandoned, uniq_terence
D:3:      layout_basic, uniq_sigmund
D:4:      layout_rooms, serial_co_window_serial, co_window_corner_a,
          co_window_corner_a, co_window_paths_a, co_window_paths_b,
          co_window_corner_a, co_window_corner_a, co_window_paths_a,
          co_window_of_opportunity_b, co_window_unsneaky_path_e,
          co_window_corner_cb, co_window_unsneaky_path_a,
          co_window_unsneaky_path_b, co_window_paths_c, co_window_4corner_b,
          co_window_paths_e, glass_columns_a, serial_shops,
          nicolae_shop_crystal, minivault_14, uniq_ijyb, uniq_duvessa
D:5:      layout_basic, minmay_temple_entry_wispy, uniq_crazy_yiuf_cottage
Temple:   eino_temple_water

Skill      XL: |  1  2  3  4  5  6 |
---------------+-------------------+-----
Fighting       | 4 |  4.5
Armour         | 1 2 3 |  3.3
Stealth        | 5 |  5.2
Short Blades   | 1 2 |  2.0
Dodging        | 3 |  3.1
Invocations    | 1 |  1.0
Axes           | |  2.7

Action                   |  1- 3 |  4- 6 || total
-------------------------+-------+-------++-------
Melee: Hand axe          |    35 |       ||    35
       Headbutt          |    22 |    13 ||    35
       Dagger            |    61 |   100 ||   161
Invok: Animate Remains   |     1 |     7 ||     8
  Use: Scroll            |     1 |       ||     1
       Potion            |     1 |       ||     1
 Stab: Sleeping          |     6 |     1 ||     7
Armor: Leather armour    |    31 |       ||    31
       Scale mail        |       |    47 ||    47
Dodge: Dodged            |    55 |    37 ||    92
